AoeStats
← Joaquito

Oasis

507390252Analyzed
4v4 RM · 14d ago on Sep 18, 2026· 47m 39s· 8 players
Game mode
Random Map
Map size
Large (8 player)
Population
200
Speed
Normal
Resources
Standard
Victory
Conquest
Starting age
Dark Age
Ending age
Imperial Age
RankedLock teamsTeams togetherTeam positionsShared explorationLock speedFull tech treeHidden civsTurbo modeCheats
Victory
Defeat
🇺🇸 Berbers · United States
1172
+12
🇨🇴 Vikings · Colombia
1129
+13
🇲🇽 Jurchens · Mexico
1101
+14
🇦🇷 Khmer · Argentina
1078
+15
🇨🇱 Shu · Chile
1128
-16
🇨🇱 Britons · Chile
1072
-14
🇨🇱 Burgundians · Chile
1057
-13
🇨🇱 Bulgarians · Chile
1011
-11
Sir Monkey
10:59 Feudal Age
14:07 Castle Age
13:53 Scale Barding Armor
14:03 Forging
18:46 Double-Bit Axe
19:54 Horse Collar
20:51 Heavy Plow
30:48 Imperial Age
29:14 Bow Saw
29:38 Gold Mining
30:49 Wheelbarrow
30:00 Town Watch
30:37 Caravan
31:14 Loom
31:50 Double Crossbow
34:36 Hand Cart
35:49 Gold Shaft Mining
35:38 Ballistics
36:18 Chemistry
35:25 Siege Engineers
34:55 Capped Ram
37:07 Conscription
36:15 Heavy Scorpion
37:23 Siege Ram
iamjhing
7:44 Loom
10:01 Feudal Age
11:18 Horse Collar
11:26 Double-Bit Axe
18:21 Gold Mining
22:38 Castle Age
21:27 Bloodlines
21:29 Scale Barding Armor
22:24 Forging
23:45 Chain Barding Armor
23:48 Bow Saw
24:15 Husbandry
28:08 Iron Casting
27:48 Heavy Plow
30:37 Wheelbarrow
32:10 Stone Mining
37:23 Imperial Age
35:01 Town Watch
36:32 Hand Cart
38:43 Plate Barding Armor
37:30 Cavalier
41:30 Blast Furnace
40:20 Fletching
40:21 Light Cavalry
41:35 Hussar
43:59 Caravan
45:26 Crop Rotation
46:34 Chemistry
45:54 Ballistics
45:46 Masonry
46:39 Bodkin Arrow
47:21 Stone Shaft Mining
47:22 Gold Shaft Mining
NWGHOST7888
1:10 Loom
10:10 Feudal Age
12:25 Forging
13:10 Bloodlines
20:25 Scale Barding Armor
23:53 Double-Bit Axe
25:11 Gold Mining
27:32 Castle Age
29:15 Chain Barding Armor
29:35 Bow Saw
30:09 Iron Casting
31:36 Wheelbarrow
30:49 Horse Collar
34:04 Fortified Wall
34:37 Hand Cart
39:20 Masonry
39:18 Gold Mining
39:19 Stone Mining
41:57 Heavy Plow
42:37 Gold Shaft Mining
42:38 Stone Shaft Mining
Zombie
6:47 Loom
10:14 Feudal Age
20:38 Castle Age
19:31 Double-Bit Axe
19:55 Fletching
20:43 Crossbowman
22:03 Bodkin Arrow
23:07 Padded Archer Armor
24:28 Bow Saw
25:36 Leather Archer Armor
27:14 Horse Collar
34:05 Ballistics
35:30 Gold Mining
35:35 Stone Mining
35:43 Stone Mining
36:00 Heavy Plow
37:00 Treadmill Crane
40:53 Imperial Age
38:03 Elite Skirmisher
41:57 Conscription
41:56 Bracer
41:53 Town Watch
41:48 Elite Genitour
44:05 Chemistry
45:17 Two-Man Saw
44:49 Crop Rotation
45:34 Ring Archer Armor
45:19 Murder Holes
45:51 Bogsveigar
45:24 Capped Ram
46:25 Siege Ram
48:02 Gold Shaft Mining
Arzzeus
5:48 Loom
10:28 Feudal Age
15:43 Castle Age
14:15 Double-Bit Axe
17:50 Bow Saw
22:05 Elite Skirmisher
25:14 Fletching
28:09 Bodkin Arrow
29:47 Pikeman
33:37 Gambesons
35:18 Squires
35:57 Scale Mail Armor
37:57 Forging
39:14 Wheelbarrow
41:02 Horse Collar
42:50 Heavy Plow
46:46 Hand Cart
47:30 Stirrups
Drookns
4:55 Loom
11:46 Feudal Age
15:55 Castle Age
21:05 Double-Bit Axe
21:43 Husbandry
29:01 Cavalier
30:22 Wheelbarrow
32:40 Scale Barding Armor
34:30 Hand Cart
36:26 Chain Barding Armor
36:17 Forging
39:18 Iron Casting
40:34 Gold Mining
40:44 Stone Mining
44:54 Imperial Age
45:26 Paladin
cacadecaca38
5:16 Loom
11:17 Feudal Age
15:45 Castle Age
Joaquito
1:21 Loom
11:14 Feudal Age
15:14 Castle Age
13:50 Double-Bit Axe
14:46 Fletching
16:24 Loom
22:12 Crossbowman
26:22 Bodkin Arrow
26:37 Gold Mining
28:05 Thumb Ring
29:26 Padded Archer Armor
31:32 Leather Archer Armor
31:37 Horse Collar
32:10 Bow Saw
36:38 Wheelbarrow
37:43 Ballistics
41:16 Imperial Age
39:45 Hand Cart
40:38 Town Watch
41:34 Gold Shaft Mining
42:03 Bracer
41:45 Arbalester
43:55 Chemistry
45:41 Conscription
46:35 Bolt Magazine
Connection lost

Rejoining the realm…

Still unreachable

The connection could not be restored.

Session expired

The server has moved on; the page needs a fresh start.